 Dungeon Crawl Stone Soup version 0.15.1-1-gfacfea3 (webtiles) character file.

4 Kashira the Chiller (level 1, 1/7 HPs)
             Began as a Felid Ice Elementalist on Sept 24, 2014.
             Quit the game on Level 1 of the Dungeon.
             The game lasted 00:00:27 (209 turns).

Kashira the Chiller (Felid Ice Elementalist)         Turns: 209, Time: 00:00:27

HP   1/7         AC  1     Str  4      XL: 1   Next: 58%
MP   0/4         EV 18     Int 14      God:
Gold 0           SH  0     Dex 16      Spells:  1 memorised,  3 levels left
Lives: 0, deaths: 0

rFire  . . .     SeeInvis +     (weapon unavailable)
rCold  . . .     Clarity  .     (armour unavailable)
rNeg   . . .     rCorr    .     (shield unavailable)
rPois  .         rRot     .     (helmet unavailable)
rElec  .         Spirit   .     (cloak unavailable)
SustAb .         Warding  .     (gloves unavailable)
rMut   .         Stasis   .     (boots unavailable)
Gourm  .                        (no amulet)
MR     .....                    (no ring)
                                (no ring)

@: lethally poisoned, quick, not resistant to hostile enchantments, fairly
stealthy
A: paw claws, no armour, no weapons or thrown items, fangs 3, see invisible,
breathe flames 1, carnivore 3, dopey 1, speed 1, screaming 1, shaggy fur 1, slow
metabolism 1, jump 1
a: Jump Attack, Breathe Fire


You were on level 1 of the Dungeon.
You were not hungry.

You visited 1 branch of the dungeon, and saw 1 of its levels.

Inventory:

Comestibles
 c - a meat ration
Books
 b - a book of Frost

   Spells                             Type                      Level
   *Freeze                            Ice                          1
   Throw Frost                        Conjuration/Ice              2
   Ozocubu's Armour                   Charms/Ice                   3
   Throw Icicle                       Conjuration/Ice              4
   Summon Ice Beast                   Ice/Summoning                4
   Condensation Shield                Ice                          4


   Skills:
 + Level 2.8 Dodging
 - Level 2.6 Stealth
 + Level 2.0 Spellcasting
   Level 0.8 Conjurations
 + Level 2.9 Ice Magic


You had 3 spell levels left.
You knew the following spells:

 Your Spells              Type           Power        Failure   Level  Hunger
a - Freeze                Ice            #...         10%         1    ##.....


Dungeon Overview and Level Annotations

Branches:
Dungeon (1/15)

Altars:
Xom


Innate Abilities, Weirdness & Mutations

You cannot wear armour.
You are incapable of wielding weapons or throwing items.
Your paws have sharp claws.
You have razor-sharp teeth.
You have supernaturally acute eyesight.
You are carnivorous and can eat meat at any time.
You cover ground quickly.
You are covered in fur (AC +1).
You have a slow metabolism.
You can jump attack at a short distance.
You can breathe flames.
You are dopey. (Int -2)
You occasionally shout uncontrollably at your foes.


Message History

You freeze the rat.
You kill the rat!
The kobold hits you with a glowing short sword.
Ouch! That really hurt!
You are lethally poisoned!
Casting: Freeze
Confirm with . or Enter, or press ? or * to list all spells.
You don't have enough magic to cast that spell.
Unknown command.
* * * LOW HITPOINT WARNING * * *
You feel sick.
Drink which item? (? for menu, Esc to quit)
You feel extremely strange.
Your throat feels hot.
You feel the urge to shout.
You feel stupid.
It was a potion of mutation.
* * * LOW HITPOINT WARNING * * *
You feel sick. The kobold closely misses you.
Casting: Freeze
Confirm with . or Enter, or press ? or * to list all spells.
Okay, then.
Are you sure you want to abandon this character and quit the game? (Confirm with "yes".)

#.# . ##.#####
..###........ .
..#.8.....8s .
#.#.#.........
...#.#.#.........
.....?...%....... ####
#### #.>..K..>..?.?#
...####..####...@........#
###.##.##.#####..8.....8.
##.####.#.#..............
##.##..##.#.##(....#...##
.#....####..##(....#..##
.#.#### ##.##(....# ##
###. #.....#### # #
#####.# ..#


You could see a kobold.

Vanquished Creatures
  An ooze (D:1)
  A hobgoblin (D:1)
  A giant newt (D:1)
  A rat (D:1)
4 creatures vanquished.

Notes
Turn   | Place    | Note
--------------------------------------------------------------
     0 | D:1      | Kashira, the Felid Ice Elementalist, began the quest for the Orb.
     0 | D:1      | Reached XP level 1. HP: 7/7 MP: 4/4
    50 | D:1      | Found a shimmering altar of Xom.
   208 | D:1      | Gained mutation: You can breathe flames. [potion of mutation]
   208 | D:1      | Gained mutation: You occasionally shout uncontrollably at your foes. [potion of mutation]
   208 | D:1      | Gained mutation: You are dopey. (Int -2) [potion of mutation]
   209 | D:1      | Quit the game

Action                   || total
-------------------------++-------
 Cast: Freeze            ||     8
  Use: Potion            ||     1
